 Dungeon Crawl Stone Soup version 0.29.0-5-ge4962eb29e (webtiles) character file.

Game seed: 684839593036554959

773 Clumpoid the Poker (level 7, -1/57 HPs)
             Began as a Ghoul Fighter on Aug 29, 2022.
             Was a Priest of Nemelex Xobeh.
             Slain by Pikel
             ... wielding a +1 whip of flaming
              (8 damage)
             ... on level 5 of the Dungeon.
             The game lasted 00:05:08 (6192 turns).

Clumpoid the Poker (Ghoul Fighter)                  Turns: 6192, Time: 00:05:09

Health: -1/57      AC:  7    Str: 26    XL:     7   Next: 83%
Magic:  6/6        EV: 10    Int:  5    God:    Nemelex Xobeh [***...]
Gold:   276        SH:  0    Dex:  8    Spells: 6/6 levels left

rFire   . . .      SeeInvis .   d - +0 halberd (freeze)
rCold   + . .      Faith    .   (shield currently unavailable)
rNeg    + + +      Spirit   .   b - +0 scale mail
rPois   ∞          Reflect  .   (no helmet)
rElec   .          Harm     .   (no cloak)
rCorr   .          Rampage  .   (no gloves)
Will    .....                   (no boots)
Stlth   ..........              (no amulet)
HPRegen 0.00/turn               j - +6 ring of strength
MPRegen 0.10/turn               (no ring)

@: inhibited regen
A: claws 1, cold resistance 1, negative energy resistance 3, inhibited
regeneration, torment resistance 2, devour on kill
a: Renounce Religion, Draw Escape, Draw Destruction, Draw Summoning, Triple Draw


You were on level 5 of the Dungeon.
You worshipped Nemelex Xobeh.
Nemelex Xobeh was most pleased with you.
You visited 1 branch of the dungeon, and saw 5 of its levels.

You collected 276 gold pieces.

Inventory:

Hand Weapons
 a - a +0 trident
 d - a +0 halberd of freezing (weapon)
 p - the +6 sling "Fiybotics" {flame, SInv}
   (You found it on level 3 of the Dungeon)

   Any ammunition fired from it burns those it strikes, dealing additional fire
   damage.
   SInv:      It lets you see invisible.
Missiles
 q - 56 stones (quivered)
Armour
 b - a +0 scale mail (worn)
 c - a +0 buckler
Jewellery
 j - a +6 ring of strength (left claw)
Wands
 i - a wand of mindburst (9)
 r - a wand of iceblast (9)
Scrolls
 e - a scroll of teleportation
 o - a scroll of vulnerability
Potions
 f - a potion of haste
 g - a potion of magic
 h - a potion of might
 k - a potion of lignification {unknown}
 m - 2 potions of mutation
 n - a potion of curing
 s - a potion of brilliance


   Skills:
 - Level 3.2 Fighting
 * Level 6.7 Polearms
 + Level 4.8 Armour
 - Level 2.6 Shields


You had 6 spell levels left.
You didn't know any spells.
Your spell library contained the following spells:

 Spells                   Type           Power      Damage    Failure   Level
 Blink                    Tloc           0%         N/A       87%         2
 Scorch                   Fire           0%         2d5       87%         2
 Ignite Poison            Fire/Tmut/Pois 0%         N/A       98%         3
 Lesser Beckoning         Tloc           0%         N/A       98%         3
 Mephitic Cloud           Conj/Pois/Air  0%         N/A       98%         3
 Flame Wave               Conj/Fire      0%         2d4       100%        4
 Freezing Cloud           Conj/Ice/Air   0%         6-21      100%        5
 Manifold Assault         Tloc           0%         N/A       100%        5
 Summon Cactus Giant      Summ           0%         N/A       100%        6


Dungeon Overview and Level Annotations

Branches:
Dungeon (5/15)             Temple (0/1) D:4

Altars:
Hepliaklqana
Nemelex Xobeh
Okawaru

Shops:
D:5 (

Annotations:
D:5 Pikel, Prince Ribbit


Innate Abilities, Weirdness & Mutations

You are immune to poison.
You have sharp fingernails.
Your flesh is cold resistant. (rC+)
You are immune to negative energy. (rN+++)
You do not regenerate when monsters are visible.
You are immune to unholy pain and torment.
You thrive by killing the living.


Message History

Press: ? - help, Dir - move target, f/p - Pikel
Aim: Pikel, wielding a +1 whip of flaming and wearing a +0 robe (about 60% to evade your +0 halberd of freezing)
You reach to attack!
You hit Pikel but do no damage. The lemure closely misses you.
The lemure hits you but does no damage.
Reach: d) +0 halberd (freeze)
Press: ? - help, Dir - move target, f/p - Pikel
Aim: Pikel, wielding a +1 whip of flaming and wearing a +0 robe (about 60% to evade your +0 halberd of freezing)
You reach to attack!
You slice Pikel!! You freeze Pikel.
Pikel is heavily wounded.
The lemure hits you but does no damage.
Reach: d) +0 halberd (freeze)
Press: ? - help, Dir - move target, f/p - Pikel
Aim: Pikel, wielding a +1 whip of flaming and wearing a +0 robe (heavily wounded, about 60% to evade your +0 halberd of freezing)
The lemure is in the way.
You slash the lemure! You freeze the lemure.
The lemure is severely wounded.
The lemure hits you! The lemure hits you. The lemure barely misses you.
The lemure hits you. x2
You barely miss Pikel.
Pikel is heavily wounded.
The lemure hits you. x2; Pikel barely misses you.
You slash Pikel! You freeze Pikel.
Pikel is severely wounded.
The lemure barely misses you. The lemure hits you but does no damage.
Pikel waves his whip at you. Pikel closely misses you.
You barely miss Pikel.
Pikel is severely wounded.
The lemure barely misses you. The lemure hits you.
* * * LOW HITPOINT WARNING * * *
Pikel hits you with a +1 whip of flaming.
* * * LOW HITPOINT WARNING * * *
Pikel burns you.
* * * LOW HITPOINT WARNING * * *
You closely miss Pikel.
Pikel is severely wounded.
The lemure hits you.
* * * LOW HITPOINT WARNING * * *
Pikel hits you with a +1 whip of flaming!
You die...
Your body glows with a rainbow of weird colours and disappears.

#......#.....#.........#..
#......#.....#.........#..
#......#....###...##...#..
#......#....###...##...#..
#......#....#.....#....#..
#......#....#.....#....#..
+......#....#.....#...>#..
#......#....#.....#....#..
......#5@5.#.....#....#..
......##K##########...#..
.......Y55........#...#..
..................#'###..
.........................
.......................#'
.......................#.
......######...........'.
...... #...........#.


You could see Pikel, an ice beast and 4 lemures.

Vanquished Creatures
  Sigmund (D:4)
  Menkaure (D:4)
  A phantom (D:4)
  A necrophage (D:5)
  A gnoll bouda (D:4)
  A hound (D:4)
  An iguana (D:5)
  Ijyb (D:5)
  8 gnolls
  8 adders
  A white imp (D:5)
  A worm (D:5)
  2 dart slugs
  3 orcs
  4 bats
  3 endoplasms
  7 giant cockroaches
  4 goblins
  8 hobgoblins
  4 quokkas
  13 ball pythons
  A frilled lizard (D:2)
  3 kobolds
  10 rats
88 creatures vanquished.

Notes
Turn   | Place    | Note
-------+----------+-------------------------------------------
     0 | D:1      | Clumpoid the Ghoul Fighter began the quest for the Orb.
     0 | D:1      | Reached XP level 1. HP: 19/19 MP: 0/0
    51 | D:1      | Reached skill level 2 in Polearms
   126 | D:1      | Reached XP level 2. HP: 26/26 MP: 1/1
   196 | D:1      | Reached skill level 3 in Polearms
   196 | D:1      | Reached XP level 3. HP: 13/31 MP: 2/2
   478 | D:1      | Found a faded altar of an unknown god.
   495 | D:1      | Prayed at the altar of an unknown god.
   495 | D:1      | Became a worshipper of Nemelex Xobeh the Trickster
   495 | D:1      | Reached * piety under Nemelex Xobeh
   495 | D:1      | Received a gift from Nemelex Xobeh
  1095 | D:2      | Reached XP level 4. HP: 38/38 MP: 3/3
  1408 | D:2      | Reached skill level 4 in Polearms
  1481 | D:2      | Reached ** piety under Nemelex Xobeh
  1857 | D:3      | Identified the +6 sling "Fiybotics" {flame, SInv}
  2403 | D:3      | Found a hazy altar of Hepliaklqana.
  2706 | D:3      | Received a gift from Nemelex Xobeh
  2834 | D:4      | Noticed Menkaure
  2841 | D:4      | Killed Menkaure
  2842 | D:4      | Reached XP level 5. HP: 43/45 MP: 4/4
  2842 | D:4      | Reached XP level 6. HP: 49/51 MP: 5/5
  2881 | D:4      | Reached skill level 5 in Polearms
  3040 | D:4      | Noticed Sigmund
  3079 | D:4      | Killed Sigmund
  3080 | D:4      | Reached XP level 7. HP: 31/57 MP: 6/6
  3344 | D:4      | Reached skill level 6 in Polearms
  3399 | D:4      | Reached *** piety under Nemelex Xobeh
  3833 | D:4      | Found a staircase to the Ecumenical Temple.
  3933 | D:4      | Found an iron altar of Okawaru.
  4373 | D:5      | Entered Level 5 of the Dungeon
  4724 | D:5      | Noticed Prince Ribbit
  4726 | D:5      | Noticed Pikel
  5904 | D:5      | Found Uppie's Antique Weapon Boutique.
  5927 | D:5      | Noticed Ijyb
  5936 | D:5      | Killed Ijyb
  6171 | D:5      | Received a gift from Nemelex Xobeh
  6192 | D:5      | Slain by Pikel

Illustrated notes

Levels and vault maps discovered:
D:1:      wheals_arrival_linesprint, layout_loops_ring,
          ebering_ecumenical_altar_mist
D:2:      layout_loops_ring
D:3:      layout_basic, mainiacjoe_overflow_cross_hatched
D:4:      layout_layer_cave, elyvilon_altar_5, mainiacjoe_overflow_alcove_1,
          temple_pool_b, palyth_stone_intersect, uniq_menkaure, uniq_sigmund
D:5:      layout_gridville, serial_shops, shop, uniq_prince_ribbit1, uniq_pikel,
          uniq_ijyb

Skill      XL: |  1  2  3  4  5  6  7 |
---------------+----------------------+-----
Polearms       | 2 3 4 5 6 |  6.7
Armour         | 3 4 |  4.8
Fighting       | |  3.2
Shields        | |  2.6

Action                   |  1- 3 |  4- 6 |  7- 9 || total
-------------------------+-------+-------+-------++-------
Melee: Trident           |   114 |    76 |       ||   190
       Halberd           |       |    33 |   117 ||   150
  Use: Potion            |       |     8 |     1 ||     9
       Scroll            |       |     1 |     6 ||     7
 Stab: Distracted        |       |     1 |       ||     1
Armor: Scale mail        |    53 |    24 |    40 ||   117
Dodge: Dodged            |    39 |    32 |    51 ||   122
Block: Buckler           |    17 |    16 |       ||    33
